 Dungeon Crawl Stone Soup version 0.28.0 (webtiles) character file.

Game seed: 10092626977994146630

130 Sanktem7 the Covered (level 4, 0/36 (41) HPs)
             Began as a Minotaur Fighter on Feb 9, 2022.
             Slain by Crazy Yiuf (15 damage)
             ... on level 2 of the Dungeon.
             The game lasted 00:03:23 (2581 turns).

Sanktem7 the Covered (Minotaur Fighter)             Turns: 2581, Time: 00:03:24

HP:   0/36 (41)     AC:  7    Str: 22    XL:     4   Next: 90%
MP:   2/3           EV:  9    Int:  5    God:
Gold: 104           SH:  4    Dex: 10    Spells: 3/3 levels left

rFire   . . .      SeeInvis .   a - +0 long sword
rCold   . . .      Faith    .   c - +0 buckler
rNeg    . . .      Spirit   .   b - +0 scale mail
rPois   .          Reflect  .   (helmet restricted)
rElec   .          Harm     .   (no cloak)
rCorr   .          Rampage  .   (no gloves)
Will    .....                   (no boots)
Stlth   ..........              (no amulet)
HPRegen 0.12/turn               (no ring)
MPRegen 0.08/turn               (no ring)

@: heavily drained
A: horns 2, retaliatory headbutt
a: no special abilities


You were on level 2 of the Dungeon.
You visited 1 branch of the dungeon, and saw 2 of its levels.

You collected 104 gold pieces.

Inventory:

Hand Weapons
 a - a +0 long sword (weapon)
Armour
 b - a +0 scale mail (worn)
 c - a +0 buckler (worn)
Jewellery
 e - a ring of positive energy
 l - a ring of wizardry
Scrolls
 f - 2 scrolls of teleportation {unknown}
 h - a scroll of amnesia {unknown}
 k - a scroll of blinking {unknown}
 n - a scroll of torment {unknown}
 o - a scroll of enchant armour {unknown}
Potions
 d - a potion of might
 g - a potion of haste {unknown}
 i - a potion of attraction {unknown}
 j - a potion of heal wounds {unknown}
 m - a potion of mutation {unknown}


   Skills:
 + Level 4.6 Fighting
 + Level 3.3 Long Blades
 + Level 4.7 Armour
 + Level 0.1 Dodging
 * Level 1.2 Stealth
 + Level 4.2 Shields


You had 3 spell levels left.
You didn't know any spells.
Your spell library contained the following spells:

 Spells                   Type           Power      Damage    Failure   Level
 Dazzling Flash           Conj/Hex       0%         N/A       99%         3
 Iskenderun's Mystic Bla  Conj/Tloc      0%         2d3       100%        4
 Starburst                Conj/Fire      0%         6d3       100%        6


Dungeon Overview and Level Annotations

Branches:
Dungeon (2/15)

Altars:

Annotations:
D:2 Crazy Yiuf


Innate Abilities, Weirdness & Mutations

You have a pair of horns on your head.
You reflexively headbutt those who attack you in melee.


Message History

The rat barely misses you.
You closely miss the rat. The rat bites you but does no damage.
You barely miss the rat. The rat barely misses you. The rat bites you.
You closely miss the rat. You block the rat's attack.
You hit the rat.
The rat is moderately wounded.
The rat barely misses you. You furiously retaliate!
You headbutt the rat.
You kill the rat!
You see here a +0 spear.
Found a robe.
A bat comes into view.
Found 27 gold pieces.
You hit the bat.
You kill the bat!
You see here a bat corpse.
You now have 104 gold pieces (gained 27).
You see here a bat corpse.
You see here a +0 robe.
You see here a bat corpse.
Things that are here:
a +1 dagger of draining; a goblin skeleton
Things that are here:
a +0 club; a goblin skeleton Crazy Yiuf shouts!
Crazy Yiuf cries, "Fluff snockshim seventy!"
You open the door. You hit Crazy Yiuf. Your headbutt misses Crazy Yiuf.
Crazy Yiuf is lightly wounded.
Crazy Yiuf hits you with a +3 quarterstaff of chaos.
Crazy Yiuf burns you.
You slash Crazy Yiuf! Your headbutt misses Crazy Yiuf.
Crazy Yiuf is heavily wounded.
Crazy Yiuf hits you with a +3 quarterstaff of chaos.
You feel your power leaking away. You block Crazy Yiuf's attack.
You barely miss Crazy Yiuf.
Crazy Yiuf is heavily wounded.
Crazy Yiuf hits you with a +3 quarterstaff of chaos!
You are electrocuted!
You die...

####### ....<.#
#####.##
####...###
.....#..(#
..#.###.## ...##
##.# ### ♣♣####
.##.###..#
#)..#♣♣ ♣♣....##
.###.#.#.#
#...g@♣♣♣♣......#
#####.##.#
#...#♣..♣.......#
### ......##.#
### ♣♣♣.♣....#.#
##.# ########.#
♣♣♣♣♣###.###...
#.# #...).... #.#
#######... ####
#.# #.# ##.#
...## #.# #.# #.#
##))## #.#
############.#
#.#


You could see Crazy Yiuf.

Vanquished Creatures
  Terence (D:2)
  Robin (D:2)
  3 gnolls (D:2)
  A worm (D:2)
  2 dart slugs (D:1)
  5 bats
  2 endoplasms (D:2)
  13 goblins
  5 hobgoblins
  5 jackals
  6 quokkas
  3 ball pythons
  A frilled lizard (D:1)
  4 kobolds
  3 rats
55 creatures vanquished.

Notes
Turn   | Place    | Note
-------+----------+-------------------------------------------
     0 | D:1      | Sanktem7 the Minotaur Fighter began the quest for the Orb.
     0 | D:1      | Reached XP level 1. HP: 19/19 MP: 0/0
   245 | D:1      | Reached XP level 2. HP: 27/27 MP: 1/1
   844 | D:1      | Reached XP level 3. HP: 33/33 MP: 2/2
  1510 | D:2      | Reached XP level 4. HP: 21/41 MP: 3/3
  1605 | D:2      | Reached skill level 1 in Stealth
  1998 | D:2      | Noticed Terence
  2005 | D:2      | Killed Terence
  2090 | D:2      | Noticed Robin
  2097 | D:2      | Killed Robin
  2295 | D:2      | Found a runed translucent door.
  2296 | D:2      | Noticed Crazy Yiuf
  2581 | D:2      | Slain by Crazy Yiuf

Illustrated notes

Levels and vault maps discovered:
D:1:      minmay_arrival_four_circles, layout_basic, lemuel_old_faithful
D:2:      layout_loops_ring, uniq_robin, uniq_crazy_yiuf_cottage, uniq_terence

Skill      XL: |  1  2  3  4 |
---------------+-------------+-----
Armour         | 4 |  4.7
Fighting       | 4 |  4.6
Shields        | 4 |  4.2
Long Blades    | 3 |  3.3
Stealth        | 1 |  1.2
Dodging        | |  0.1

Action                   |  1- 3 |  4- 6 || total
-------------------------+-------+-------++-------
Melee: Long sword        |    80 |    42 ||   122
       Headbutt          |    12 |     8 ||    20
Armor: Scale mail        |    58 |    14 ||    72
Dodge: Dodged            |    46 |    17 ||    63
Block: Buckler           |    21 |     7 ||    28
